 Dungeon Crawl Stone Soup version 0.18-a0-965-g9200175 (webtiles) character file.

10078 Yawgmoth the Fighter (level 11, -6/153 HPs)
             Began as a Minotaur Berserker on Jan 1, 2016.
             Was a High Priest of Trog.
             Mangled by PinkishYellow's ghost (31 damage)
             ... on level 11 of the Dungeon.
             The game lasted 00:42:18 (11057 turns).

Yawgmoth the Fighter (Minotaur Berserker)          Turns: 11057, Time: 00:42:19

Health: -6/153     AC: 17    Str: 29    XL:     11   Next: 31%
Magic:  10/10      EV: 12    Int:  4    God:    Trog [*****.]
Gold:   704        SH:  0    Dex: 11    Spells: 0 memorised, 10 levels left

rFire  . . .     SeeInvis .     W - +0 glaive
rCold  . . .     Gourm    .     E - +0 plate armour
rNeg   + . .     Faith    .     (shield currently unavailable)
rPois  .         Spirit   .     (helmet restricted)
rElec  .         Dismiss  .     l - +1 cloak
rCorr  +         Reflect  .     (no gloves)
SustAt .         Harm     .     (no boots)
MR     .....                    x - amulet of resist corrosion
Stlth  ..........               B - ring of positive energy
                                (no ring)

@: mighty, berserking (expiring), very slightly contaminated, very quick, not
resistant to hostile enchantments, extremely unstealthy
A: retaliatory headbutt, horns 2
a: Berserk, Trog's Hand, Brothers in Arms, Burn Spellbooks, Renounce Religion


You were on level 11 of the Dungeon.
You worshipped Trog.
Trog was extremely pleased with you.
You were not hungry.

You visited 1 branch of the dungeon, and saw 11 of its levels.

You collected 704 gold pieces.

Inventory:

Hand Weapons
 b - a +0 triple sword
 t - a +0 hunting sling
 U - a +1 quarterstaff of draining
 W - a +0 glaive (weapon)
Missiles
 p - 377 stones
 I - 2 tomahawks of returning
 L - 2 silver tomahawks
 M - 11 tomahawks
 N - 3 tomahawks of dispersal (quivered)
 V - 13 javelins
Armour
 l - a +1 cloak (worn)
 u - an ice dragon hide
 E - a +0 plate armour (worn)
Jewellery
 o - an uncursed ring of sustain attributes
 w - an uncursed ring of invisibility
 x - an amulet of resist corrosion (around neck)
 B - a ring of positive energy (right hand)
Wands
 j - a wand of slowing (37/48)
 s - a wand of teleportation (1/9)
 P - a wand of flame (28/48)
 S - a wand of digging (6/24)
 Y - a wand of disintegration (15/24)
Scrolls
 a - a scroll of identify
 d - a scroll of magic mapping
 e - 3 scrolls of enchant armour
 h - 6 scrolls of remove curse
 i - a scroll of fear
 r - a scroll of fog
 y - a scroll of noise {unknown}
 z - a scroll of teleportation {unknown}
 H - a scroll of recharging {unknown}
 K - a scroll of blinking
Potions
 f - a potion of heal wounds
 g - 9 potions of curing
 m - 3 potions of cancellation
 q - 2 potions of brilliance
 v - 2 potions of resistance
 C - 2 potions of haste
 J - a potion of flight {unknown}
 O - a potion of cure mutation
 Q - 2 potions of ambrosia
 T - a potion of agility {unknown}
 X - a potion of magic {unknown}
Miscellaneous
 F - a phial of floods
 Z - a disc of storms
Comestibles
 c - 6 bread rations
 n - 4 meat rations


   Skills:
 + Level 11.3 Fighting
 + Level 11.1 Polearms
 + Level 10.6 Armour
 + Level 10.3 Dodging


You had 10 spell levels left.
You didn't know any spells.

Dungeon Overview and Level Annotations

Branches:
Dungeon (11/15)            Temple (0/1) D:6            Lair (0/8) D:8
    Orc: D:9-12

Altars:
Ashenzari
Pakellas

Annotations:
D:11 PinkishYellow's ghost, novice OgBe


Innate Abilities, Weirdness & Mutations

You reflexively headbutt those who attack you in melee.
You have a pair of horns on your head.


Message History

A red film seems to cover your vision as you go berserk!
You feel yourself moving faster!
You feel mighty!
You feel somewhat more hungry. PinkishYellow's ghost hits you!!
You slash PinkishYellow's ghost!
PinkishYellow's ghost is lightly damaged.
PinkishYellow's ghost hits you!!!
* * * LOW HITPOINT WARNING * * *
You are too injured to fight recklessly!
You feel a strong urge to attack something.
You miss PinkishYellow's ghost.
PinkishYellow's ghost is lightly damaged.
You hit PinkishYellow's ghost.
Your headbutt misses PinkishYellow's ghost.
PinkishYellow's ghost is lightly damaged.
PinkishYellow's ghost hits you but does no damage.
You closely miss PinkishYellow's ghost.
Your headbutt misses PinkishYellow's ghost.
PinkishYellow's ghost is lightly damaged.
PinkishYellow's ghost hits you!!
You die...

######.##.#.####.....)...#.#.###.
.......##...####.....#####.#..##.
..........#..........# #.##.##.
.......##...####.....# #.......
.#####......# #.....# ###...##
.##########.# ####### #...#
......# #.# #...# .####.#
#.######### #.### ....#.#
#.##..@W<.## #.# .##.#.#
#.##.####..## #.# ......#
#.##.####.#.######.#
......#####......#.###.......#
............##.#....#.########
.......####.##.####...#
.......####.##......###
.........##.#########
#.....##.##.#


You could see PinkishYellow's ghost.

Vanquished Creatures
  A slime creature (D:11)
  The ghost of MordorOrchid the Grappler, a novice TrHu of Makhleb (D:10)
  Pikel (D:8)
  Joseph (D:7)
  A gargoyle (D:10)
  2 polar bears (D:9)
  A two-headed ogre (D:11)
  A vampire (D:11)
  A yak (D:9)
  A spriggan (D:7)
  A hungry ghost (D:8)
  5 humans (D:6)
  4 wolves (D:9)
  A basilisk (D:11)
  3 sky beasts
  2 ice beasts (D:9)
  6 orc warriors
  A phantom (D:6)
  2 black bears
  3 ogres
  3 centaurs (D:7)
  6 big kobolds
  8 giant frogs
  A wyvern zombie (D:9)
  A gnoll sergeant (D:7)
  A wyvern skeleton (D:11)
  5 scorpions
  6 killer bees (D:9)
  The ghost of nublet the Ruffian, a weakling DrTm (D:4)
  2 crimson imps
  A giant frog zombie (D:6)
  4 hounds
  A quasit (D:9)
  8 orc priests
  11 orc wizards
  4 jellies
  A giant frog skeleton (D:7)
  2 centaur skeletons
  3 iguanas
  A worker ant (D:9)
  A centaur simulacrum (D:9)
  A giant frog simulacrum (D:9)
  A worker ant zombie (D:9)
  7 adders
  7 gnolls
  2 shadow imps
  A white imp (D:9)
  A worker ant simulacrum (D:9)
  A worm (D:2)
  An adder simulacrum (D:9)
  7 giant geckos
  45 orcs
  4 giant cockroaches
  9 hobgoblins
  17 jackals
  47 kobolds
  7 quokkas
  13 bats
  A giant gecko skeleton (D:4)
  2 giant newts
  10 goblins
  13 rats
307 creatures vanquished.

Notes
Turn   | Place    | Note
--------------------------------------------------------------
     0 | D:1      | Yawgmoth the Minotaur Berserker began the quest for the Orb.
     0 | D:1      | Reached XP level 1. HP: 19/19 MP: 0/0
   106 | D:1      | Reached skill level 4 in Fighting
   109 | D:1      | Reached XP level 2. HP: 27/27 MP: 1/1
   717 | D:1      | Reached XP level 3. HP: 33/33 MP: 2/2
   745 | D:1      | Reached ** piety under Trog
  1171 | D:2      | Found a faded altar to an unknown god.
  1384 | D:2      | Reached XP level 4. HP: 21/41 MP: 3/3
  1724 | D:2      | Reached skill level 5 in Fighting
  2000 | D:3      | Reached *** piety under Trog
  2109 | D:3      | Reached XP level 5. HP: 48/48 MP: 4/4
  2606 | D:4      | Noticed nublet's ghost (weakling DrTm)
  2683 | D:4      | Killed nublet's ghost
  2683 | D:4      | Reached skill level 5 in Polearms
  2772 | D:4      | Found an oddly glowing altar of Pakellas.
  2827 | D:4      | Found a sand-covered staircase.
  3012 | D:4      | Found a shattered altar of Ashenzari.
  3027 | D:4      | Noticed an ogre
  3034 | D:4      | Killed an ogre
  3034 | D:4      | Reached XP level 6. HP: 32/56 MP: 5/5
  3581 | D:5      | Entered Level 5 of the Dungeon
  3867 | D:5      | Reached skill level 6 in Fighting
  3867 | D:5      | Reached XP level 7. HP: 57/63 MP: 6/6
  4099 | D:6      | Reached skill level 5 in Dodging
  4217 | D:6      | Reached **** piety under Trog
  4387 | D:6      | Found a staircase to the Ecumenical Temple.
  4410 | D:6      | Noticed a human
  4411 | D:6      | Noticed a human
  4412 | D:6      | Noticed a human
  4413 | D:6      | Noticed a human
  4417 | D:6      | Killed a human
  4417 | D:6      | Reached skill level 5 in Armour
  4424 | D:6      | Killed a human
  4426 | D:6      | Killed a human
  4426 | D:6      | Reached skill level 7 in Fighting
  4426 | D:6      | Reached XP level 8. HP: 73/73 MP: 7/7
  4434 | D:6      | Received a gift from Trog
  4811 | D:6      | Gained mutation: You are weak. (Str -2) [potion of mutation]
  4811 | D:6      | Gained mutation: You are partially covered in molten scales (AC +1). [potion of mutation]
  4811 | D:6      | Gained mutation: You are somewhat resistant to further mutation. [potion of mutation]
  4812 | D:6      | Gained mutation: Scrolls take you a little longer to read. [potion of mutation]
  4818 | D:6      | Lost mutation: Scrolls take you a little longer to read. [potion of cure mutation]
  4818 | D:6      | Lost mutation: You are somewhat resistant to further mutation. [potion of cure mutation]
  4818 | D:6      | Lost mutation: You are weak. (Str -2) [potion of cure mutation]
  4818 | D:6      | Lost mutation: You are partially covered in molten scales (AC +1). [potion of cure mutation]
  5028 | D:7      | Reached skill level 8 in Fighting
  5149 | D:7      | Reached XP level 9. HP: 81/81 MP: 8/8
  5706 | D:7      | Noticed Joseph
  5727 | D:7      | Killed Joseph
  6104 | D:7      | Reached skill level 9 in Fighting
  6659 | D:8      | Found a staircase to the Lair.
  6665 | D:8      | Noticed Pikel
  6673 | D:8      | Killed Pikel
  6860 | D:8      | Reached XP level 10. HP: 56/91 MP: 9/9
  6862 | D:8      | Reached ***** piety under Trog
  7771 | D:9      | Reached skill level 10 in Fighting
  8059 | D:9      | Reached skill level 10 in Polearms
  9121 | D:10     | Entered Level 10 of the Dungeon
  9244 | D:10     | Noticed a gargoyle
  9249 | D:10     | Killed a gargoyle
  9269 | D:10     | Reached skill level 10 in Armour
  9332 | D:10     | Received a gift from Trog
  9628 | D:10     | Noticed MordorOrchid's ghost (novice TrHu)
  9636 | D:10     | Killed MordorOrchid's ghost
  9636 | D:10     | Reached XP level 11. HP: 101/101 MP: 10/10
 10133 | D:11     | Reached skill level 11 in Fighting
 10133 | D:11     | Reached skill level 10 in Dodging
 10726 | D:11     | Noticed PinkishYellow's ghost (novice OgBe)
 11057 | D:11     | Mangled by PinkishYellow's ghost

Vault maps used:
D:1:      zelgadis_glass_arrival_small, monster_avoids_cloud
D:2:      ecumenical_altar_1
D:3:      first_bread, kennysheep_nub
D:4:      grunt_pakellas_basics, ashenzari_conservatory_becter,
          nicolae_ossuary_entry_false_entrances
D:6:      minmay_temple_entry_grid, minmay_ruffians
D:7:      the_bakery, uniq_joseph
D:8:      lair_0_dummy, uniq_pikel
D:9:      serial_ice, serial_ice_l, serial_ice_n, serial_ice_d, serial_ice_g,
          serial_ice_c, serial_ice_a, serial_ice_h

Action                   |  1- 3 |  4- 6 |  7- 9 | 10-12 || total
-------------------------+-------+-------+-------+-------++-------
Melee: Spear             |   146 |   169 |   164 |       ||   479
       Halberd           |       |       |   168 |    46 ||   214
       Glaive            |       |       |       |   306 ||   306
       Triple sword      |       |       |       |     5 ||     5
Throw: Stone             |       |       |       |     2 ||     2
Invok: Berserk           |     1 |     1 |     9 |     5 ||    16
       Burn Spellbooks   |       |       |     1 |       ||     1
       Trog's Hand       |       |       |       |     2 ||     2
  Use: Scroll            |     2 |       |     7 |     9 ||    18
       Potion            |       |       |     5 |     4 ||     9
 Stab: Distracted        |       |       |       |     1 ||     1
  Eat: Chunk             |     2 |     9 |    13 |    10 ||    34
       Beef jerky        |       |       |     1 |       ||     1
       Bread ration      |       |       |     1 |     4 ||     5
